 Dungeon Crawl Stone Soup version 0.26.0-45-g9c1d065592 (webtiles) character file.

Game seed: 1206633536823708052

55 DildoBatman the Conjurer (level 4, -1/30 HPs)
             Began as a Formicid Conjurer on Jan 28, 2021.
             Slain by a quokka (3 damage)
             ... on level 2 of the Dungeon.
             The game lasted 00:03:06 (1283 turns).

DildoBatman the Conjurer (Formicid Conjurer)        Turns: 1283, Time: 00:03:07

Health: -1/30      AC:  2    Str: 12    XL:     4   Next: 14%
Magic:  5/7        EV: 12    Int: 18    God:
Gold:   82         SH:  0    Dex:  9    Spells: 4/7 levels left

rFire    . . .     SeeInvis +   j - +0 dagger
rCold    . . .     Faith    .   (no shield)
rNeg     . . .     Spirit   .   a - +0 robe
rPois    +         Reflect  .   (helmet unavailable)
rElec    .         Harm     .   (no cloak)
rCorr    .         Rampage  .   (no gloves)
Will     .....                  (no boots)
Stlth    ++........             (no amulet)
HPRegen  0.10/turn              l - ring of poison resistance
MPRegen  0.10/turn              (no ring)

@: no status effects
A: permanent stasis, dig shafts and tunnels, four strong arms, antennae 3
a: Dig, Shaft Self


You were on level 2 of the Dungeon.
You visited 1 branch of the dungeon, and saw 2 of its levels.

You collected 82 gold pieces.

Inventory:

Hand Weapons
 f - a +0 club
 j - a +0 dagger (weapon)
Missiles
 c - 24 stones
 g - 8 bolts
 m - 28 poisoned darts
Armour
 a - a +0 robe (worn)
Jewellery
 l - a ring of poison resistance (left hand)
Scrolls
 b - a scroll of blinking {unknown}
 d - a scroll of fear {unknown}
 e - a scroll of remove curse {unknown}
 i - a scroll of immolation {unknown}
 k - a scroll of teleportation {unknown}
Potions
 h - a potion of might {unknown}


   Skills:
 - Level 1.7 Dodging
 - Level 2.4 Stealth
 * Level 2.3 Spellcasting
 * Level 4.8 Conjurations


You had 4 spell levels left.
You knew the following spells:

 Your Spells              Type           Power        Failure   Level
a - Searing Ray           Conj           38%          3%          2
c - Magic Dart            Conj           76%          2%          1

Your spell library contained the following spells:

 Spells                   Type           Power        Failure   Level
 Dazzling Flash           Conj/Hex       20%          19%         3
 Fulminant Prism          Conj/Hex       5%           54%         4
 Iskenderun's Mystic Bla  Conj/Tloc      10%          54%         4


Dungeon Overview and Level Annotations

Branches:
Dungeon (2/15)

Altars:


Innate Abilities, Weirdness & Mutations

You cannot be hasted, slowed, berserked, paralysed or teleported.
You can dig through walls and to a lower floor.
Your four strong arms can wield two-handed weapons with a shield.
You have a pair of large antennae on your head. (SInv)


Message History

What are your orders? t - Shout!
Orders for allies: a - Attack new target. r - Retreat! s - Stop attacking. g - Guard the area. f - Follow me.
Anything else - Cancel.
You shout for attention!
The quokka bites you. The giant cockroach misses you. The quokka misses you.
What are your orders? t - Shout!
Orders for allies: a - Attack new target. r - Retreat! s - Stop attacking. g - Guard the area. f - Follow me.
Anything else - Cancel.
You shout for attention!
The giant cockroach bites you but does no damage.
The quokka bites you.
You die...

##############
#............#
###
#.#####@B##...#
##.#####.#
#r..# .
#........#
.......
##.#######
##...#### #.#
##.## ##.## .#
##.#.## .#
##.###.## +#
#.## ##.##


You could see a quokka and a giant cockroach.

Vanquished Creatures
  An adder (D:2)
  2 oozes (D:1)
  2 dart slugs (D:1)
  A leopard gecko (D:1)
  5 bats
  2 giant cockroaches (D:1)
  5 goblins (D:1)
  4 hobgoblins (D:1)
  2 frilled lizards (D:1)
  4 kobolds
  4 rats (D:1)
32 creatures vanquished.

Notes
Turn   | Place    | Note
-------+----------+-------------------------------------------
     0 | D:1      | DildoBatman the Formicid Conjurer began the quest for the
                  | Orb.
     0 | D:1      | Reached XP level 1. HP: 13/13 MP: 3/3
   195 | D:1      | Reached skill level 4 in Conjurations
   195 | D:1      | Reached XP level 2. HP: 19/19 MP: 1/5
   198 | D:1      | Learned a level 2 spell: Searing Ray
   423 | D:1      | Reached XP level 3. HP: 24/24 MP: 4/6
  1264 | D:2      | Reached XP level 4. HP: 30/30 MP: 3/7
  1283 | D:2      | Slain by a quokka

Illustrated notes

Levels and vault maps discovered:
D:1:      heliophobic_arrival_glass_houses, layout_basic
D:2:      layout_loops_corners, lemuel_blue_sif_altar,
          lemuel_coloured_pillars_altar

Skill      XL: |  1 |
---------------+----+-----
Conjurations   | 4 |  4.8
Dodging        | |  1.7
Stealth        | |  2.4
Spellcasting   | |  2.3

Action                   |  1- 3 |  4- 6 || total
-------------------------+-------+-------++-------
Melee: Dagger            |    21 |       ||    21
 Cast: Magic Dart        |    38 |       ||    38
       Searing Ray       |     6 |       ||     6
 Abil: Dig               |     2 |     1 ||     3
Armor: Robe              |     7 |     9 ||    16
Dodge: Dodged            |    26 |    23 ||    49
